 Dungeon Crawl Stone Soup version 0.22-a0-238-gd711f9382e (webtiles) character file.

910 MirrMurr the Ducker (level 7, -7/35 HPs)
             Began as a Spriggan Berserker on Feb 21, 2018.
             Was a Priest of Trog.
             Killed from afar by an orc wizard (12 damage)
             ... with a puff of flame
             ... on level 4 of the Dungeon.
             The game lasted 00:13:48 (6663 turns).

MirrMurr the Ducker (Spriggan Berserker)            Turns: 6663, Time: 00:13:49

Health: -7/35      AC:  2    Str: 15    XL:     7   Next: 81%
Magic:  8/8        EV: 23    Int:  8    God:    Trog [***...]
Gold:   250        SH:  0    Dex: 16    Spells: 6/6 levels left

rFire    . . .     SeeInvis +   a - +0 trident
rCold    . . .     Gourm    .   (shield currently unavailable)
rNeg     . . .     Faith    .   r - +0 robe
rPois    .         Spirit   .   (helmet restricted)
rElec    .         Reflect  .   (no cloak)
rCorr    .         Harm     .   (gloves unavailable)
MR       +....                  (boots unavailable)
Stlth    +++.......             (no amulet)
HPRegen  0.11/turn              (no ring)
MPRegen  0.11/turn              (no ring)

@: very quick
A: very small, unfitting armour, see invisible, herbivore, speed 3, slow
metabolism 2
a: Berserk, Trog's Hand, Renounce Religion


You were on level 4 of the Dungeon.
You worshipped Trog.
Trog was most pleased with you.
You were not hungry.

You visited 1 branch of the dungeon, and saw 4 of its levels.

You collected 250 gold pieces.

Inventory:

Hand Weapons
 a - a +0 trident (weapon)
 q - a +0 blowgun
Missiles
 d - 62 sling bullets
 e - 2 curare-tipped needles
 f - 30 poisoned needles
 g - 255 stones (quivered)
 l - 14 bolts
Armour
 r - a +0 robe (worn)
Jewellery
 b - an uncursed ring of protection from fire {unknown}
Scrolls
 j - a scroll of remove curse
 k - 2 scrolls of immolation
 m - a scroll of fog
 o - a scroll of teleportation
 t - 3 scrolls of noise {unknown}
 u - a scroll of identify
Potions
 h - 4 potions of heal wounds
 i - 2 potions of curing
 n - a potion of might
 p - a potion of magic
 s - a potion of cancellation
Comestibles
 c - 4 rations


   Skills:
 - Level 2.4 Fighting
 * Level 5.3 Polearms
 + Level 7.7 Dodging
 + Level 6.7 Stealth


You had 6 spell levels left.
You didn't know any spells.

Dungeon Overview and Level Annotations

Branches:
Dungeon (4/15)
 Temple: D:4-7

Altars:
Ashenzari

Annotations:
D:3 dig
D:4 1 runed door


Innate Abilities, Weirdness & Mutations

You are very small and have problems with some larger weapons.
You are too small for most types of armour.
You have supernaturally acute eyesight. (SInv)
You are a herbivore.
You cover ground extremely quickly.
You need consume almost no food.


Message History

The puff of flame hits you!
You closely miss the orc wizard.
The orc wizard is severely wounded.
The orc wizard completely misses you.
You barely miss the orc wizard.
The orc wizard is severely wounded.
The orc wizard misses you.
You barely miss the orc wizard.
The orc wizard is severely wounded.
You closely miss the orc wizard.
The orc wizard is severely wounded.
The orc wizard points at you and mumbles some strange words.
The puff of flame hits you!
* * * LOW HITPOINT WARNING * * *
You are too injured to fight recklessly!
You hit the orc wizard.
The orc wizard is almost dead.
The orc wizard gestures at you while chanting.
The puff of flame hits you!
You die...

....##.##.##.####
###.##..........#################
.##.###########........[.........
.##.# #.#####.###########
....######## #.#####.# #
.###.......# #....##.# #
.###.......# #.##.##.# #
..(........# #.##.##.# #
.##........# #.@o....# #
.##........# ####.####
..#........# #.# #.#..##.####
##.# ...........# #..#
....#.#.##.# #.##
#.###.#.##.######.#
#.###.#........##.#####
#.##........##.#......#


You could see an orc wizard (invisible).

Vanquished Creatures
  Pikel (D:4)
  A slave (D:4)
  An ogre (D:4)
  An orc priest (D:3)
  3 orc wizards (D:4)
  2 worker ants
  5 adders
  4 worms
  2 dart slugs (D:2)
  2 leopard geckos
  14 orcs
  5 giant cockroaches
  2 goblins
  11 hobgoblins
  4 jackals (D:1)
  9 kobolds
  A quokka (D:2)
  5 bats
  7 frilled lizards
  2 jackal skeletons (D:4)
  5 rats
87 creatures vanquished.

Vanquished Creatures (others)
  An ogre (D:4)
  An orc (D:4)
2 creatures vanquished.

Grand Total: 89 creatures vanquished

Notes
Turn   | Place    | Note
-------+----------+-------------------------------------------
     0 | D:1      | MirrMurr the Spriggan Berserker began the quest for the Orb.
     0 | D:1      | Reached XP level 1. HP: 11/11 MP: 2/2
   274 | D:1      | Reached skill level 1 in Stealth
   639 | D:1      | Reached XP level 2. HP: 16/16 MP: 3/3
  1908 | D:2      | Reached skill level 5 in Dodging
  1908 | D:2      | Reached XP level 3. HP: 7/19 MP: 4/4
  2680 | D:2      | Reached ** piety under Trog
  2682 | D:2      | Reached XP level 4. HP: 23/23 MP: 5/5
  2721 | D:2      | Found a shattered altar of Ashenzari.
  4693 | D:3      | Reached XP level 5. HP: 21/27 MP: 6/6
  5112 | D:3      | Reached *** piety under Trog
  5498 | D:4      | Found a runed door.
  5737 | D:4      | Reached skill level 6 in Dodging
  5751 | D:4      | Reached XP level 6. HP: 32/32 MP: 7/7
  5781 | D:4      | Noticed a slave
  5818 | D:4      | Killed a slave
  6030 | D:4      | Noticed Pikel
  6030 | D:4      | Noticed a slave
  6030 | D:4      | Noticed a slave
  6053 | D:4      | Killed Pikel
  6053 | D:4      | Reached skill level 5 in Polearms
  6053 | D:4      | Reached skill level 7 in Dodging
  6053 | D:4      | Reached XP level 7. HP: 26/35 MP: 8/8
  6663 | D:4      | Killed from afar by an orc wizard

Vault maps used:
D:1:      lightli_iron_boxes
D:2:      ashenzari_conservatory_becter, minivault_5
D:3:      mumra_celtic_spiral_tile, first_ration, due_unseen_surprise
D:4:      uniq_crazy_yiuf_cottage, uniq_natasha, uniq_pikel, uniq_ijyb

Skill      XL: |  1  2  3  4  5  6 |
---------------+-------------------+-----
Stealth        | 1 2 3 4 6 |  6.7
Dodging        | 5 6 7 |  7.7
Polearms       | 3 5 |  5.3
Fighting       | |  2.4

Action                   |  1- 3 |  4- 6 |  7- 9 || total
-------------------------+-------+-------+-------++-------
Melee: Spear             |   156 |   270 |       ||   426
       Trident           |       |    62 |    44 ||   106
Throw: Stone             |       |     2 |     1 ||     3
Invok: Trog's Hand       |       |     2 |       ||     2
       Berserk           |       |     2 |       ||     2
  Use: Scroll            |     3 |     8 |     1 ||    12
 Stab: Sleeping          |     4 |    10 |       ||    14
       Distracted        |       |     1 |       ||     1
  Eat: Ration            |       |     3 |     1 ||     4
Armor: Animal skin       |     8 |     3 |       ||    11
       Robe              |       |    13 |       ||    13
Dodge: Dodged            |    95 |   147 |    29 ||   271

Table legend:
 A = Spawn XP
 B = Non-spawn XP
 C = Spawn XP percentage of total XP
 D = Spawn monster count
 E = Non-spawn monster count
 F = Spawn count percentage of total count
 G = Total turns spent on level
                    A         B        C        D         E        F      G
               +---------+---------+-------+---------+---------+-------+---------
         Total |       0 |    1300 |   0.0 |       0 |      87 |   0.0 |  6663
               +---------+---------+-------+---------+---------+-------+---------
           D:1 |       0 |      33 |   0.0 |       0 |      19 |   0.0 |  1763
           D:2 |       0 |     119 |   0.0 |       0 |      24 |   0.0 |  2382
           D:3 |       0 |     105 |   0.0 |       0 |      26 |   0.0 |  1295
           D:4 |       0 |    1043 |   0.0 |       0 |      18 |   0.0 |  1223
               +---------+---------+-------+---------+---------+-------+---------
